 Dungeon Crawl Stone Soup version 0.30-a0-652-gcc886f7154 (webtiles) character file.

Game seed: 15903184523136477285

0 OTABOTABOTAB the Skirmisher (level 1, 20/20 HPs)
             Began as a Gnoll Hunter on Jan 17, 2023.
             Quit the game on level 1 of the Dungeon.
             The game lasted 00:00:22 (299 turns).

OTABOTABOTAB the Skirmisher (Gnoll Hunter)           Turns: 299, Time: 00:00:23

Health: 20/20      AC:  4    Str: 10    XL:     1   Next: 10%
Magic:  1/1        EV: 13    Int:  8    God:
Gold:   18         SH:  0    Dex: 15    Spells: 0/0 levels left

rFire   . . .      SeeInvis .    a - +0 shortbow
rCold   . . .      Faith    .    (shield currently unavailable)
rNeg    . . .      Spirit   .    c - +0 leather armour
rPois   .          Reflect  .    (no helmet)
rElec   .          Harm     .    d - +0 cloak
rCorr   .          Rampage  .    (no gloves)
Will    .....                    (no boots)
Stlth   ++                       (no amulet)
HPRegen 0.23/turn                (no ring)
MPRegen 0.07/turn                (no ring)

@: no status effects
A: fangs 1, strong nose, distributed training
a: no special abilities


You were on level 1 of the Dungeon.
You visited 1 branch of the dungeon, and saw 1 of its levels.

You collected 18 gold pieces.

Inventory:

Hand Weapons
 a - a +0 shortbow (weapon)
 b - a +0 sling
   (You found it on level 1 of the Dungeon)
Missiles
 s - 7 stones
Armour
 c - a +0 leather armour (worn)
 d - a +0 cloak (worn)
   (You found it on level 1 of the Dungeon)
Scrolls
 e - a scroll of identify {unknown}
 f - a scroll of enchant weapon {unknown}
 K - a scroll of immolation {!r}
Potions
 g - a potion of attraction {unknown}


   Skills:
 + Level 4.4 Fighting
 + Level 0.0 Short Blades
 + Level 0.0 Long Blades
 + Level 0.0 Axes
 + Level 0.0 Maces & Flails
 + Level 0.0 Polearms
 + Level 0.0 Staves
 + Level 8.4 Ranged Weapons
 + Level 0.0 Throwing
 + Level 0.0 Armour
 + Level 4.4 Dodging
 + Level 2.1 Stealth
 + Level 0.0 Shields
 + Level 0.0 Unarmed Combat
 + Level 0.0 Spellcasting
 + Level 0.0 Conjurations
 + Level 0.0 Hexes
 + Level 0.0 Summonings
 + Level 0.0 Necromancy
 + Level 0.0 Translocations
 + Level 0.0 Transmutations
 + Level 0.0 Fire Magic
 + Level 0.0 Ice Magic
 + Level 0.0 Air Magic
 + Level 0.0 Earth Magic
 + Level 0.0 Poison Magic
 + Level 0.0 Invocations
 + Level 0.0 Evocations


You couldn't memorise any spells.
You didn't know any spells.
Your spell library was empty.

Dungeon Overview and Level Annotations

Branches:
Dungeon (1/15)

Altars:


Innate Abilities, Weirdness & Mutations

You have very sharp teeth.
Your uncanny sense of smell can sniff out nearby items.
Your experience applies equally to all skills.


Message History

Bad channel name for runrest: 'Jiyva says: Divide and consume' Welcome, OTABOTABOTAB the Gnoll Hunter.
They say the Orb of Zot lies within this dungeon, but they say a lot of things.
Found a robe, 12 gold pieces and a sling.
Found a staircase leading out of the dungeon.
You see here a +0 sling.
b - a +0 sling Unknown command.
Unknown command.
Unknown command.
Unknown command.
Unknown command.
Unknown command.
Unknown command.
Okay, then.
Unknown command.
Unknown command.
You now have 12 gold pieces.
You open the door.
There is an open door here.
You open the door.
There is an open door here.
d - a +0 cloak
There is an open door here.
You open the door.
There is an open door here.
You open the door.
A ball python comes into view.
You start putting on your armour.
You continue putting on your +0 cloak. x2
The ball python hisses angrily.
You continue putting on your +0 cloak. x2
The ball python bites you. The ball python grabs you.
The ball python constricts you.
You finish putting on your +0 cloak.
You take 1 damage, and have 19/20 hp.
You shoot an arrow. The arrow hits the ball python.
The ball python closely misses you. The ball python constricts you.
Health restored: 20 Fire: a) +0 shortbow
Aim: a ball python (moderately wounded, constricting you, 62% to hit)
You shoot an arrow. The arrow hits the ball python!
You kill the ball python!
Fire: a) +0 shortbow Really target yourself?
Okay, then.
There is an open door here.
s - 7 stones
e - a scroll labelled QOYPNUIHEW You open the door.
There is an open door here.
You see here a +0 robe.
You now have 18 gold pieces (gained 6).
You see here a +0 robe.
f - a scroll labelled INUFRI MILOQ You see here a +0 robe.
There is an open door here.
There is an open door here.
g - a fizzy cyan potion

### ... #.#
#.# #.# #@#
#.# #.#
###.####
#......##.
#
######.##.#
.#.# #.##.#
###.#.#
#.##[#
..#...
#.##.#
#.#.#


There were no monsters in sight!

Vanquished Creatures
  A ball python (D:1)
1 creature vanquished.

Notes
Turn   | Place    | Note
-------+----------+-------------------------------------------
     0 | D:1      | OTABOTABOTAB the Gnoll Hunter began the quest for the Orb.
     0 | D:1      | Reached XP level 1. HP: 20/20 MP: 1/1
   299 | D:1      | Quit the game

Illustrated notes

Levels and vault maps discovered:
D:1:      elethiomel_arrival_infinity_welcomes_careful_drivers, layout_basic

Action                   || total
-------------------------++-------
 Fire: Shortbow          ||     2
Dodge: Dodged            ||     1

Table legend: (Time is in decaauts)
 A = Elapsed time spent in this place.
 B = Non-inter-level travel time spent in this place.
 C = Inter-level travel time spent in this place.
 D = Time resting spent in this place.
 E = Time spent auto-exploring this place.
 F = Levels seen in this place.
 G = Mean time per level.
                   A        B        C        D        E       F      G
               +--------+--------+--------+--------+--------+-----+--------+
         Total |    299 |    299 |      0 |      0 |    284 |   1 |  299.0 |
       Dungeon |    299 |    299 |      0 |      0 |    284 |   1 |  299.0 |
               +--------+--------+--------+--------+--------+-----+--------+

Top non-repeatable levels by time:
     D:1: 299 daAuts

Table legend:
 A = Kills in this place as a percentage of kills in entire the game.
 B = Kills by you in this place as a percentage of kills by you in the entire game.
 C = Kills by friends in this place as a percentage of kills by friends in the entire game.
 D = Other kills in this place as a percentage of other kills in the entire game.
 E = Experience gained in this place as a percentage of experience gained in the entire game.
 F = Experience gained in this place divided by the number of levels of this place that you have seen.
                   A       B       C       D       E      F
               +-------+-------+-------+-------+-------+----------------------
         Total | 100.0 | 100.0 |   N/A |   N/A | 100.0 |   1.0
       Dungeon | 100.0 | 100.0 |   N/A |   N/A | 100.0 |   1.0
               +-------+-------+-------+-------+-------+----------------------
